 Dungeon Crawl Stone Soup version 0.20.1-1-g8b1a95d (console) character file.

108660 husjan the Covert (level 17, -2/109 HPs)
             Began as a Halfling Skald on Sept 1, 2017.
             Was the Champion of Okawaru.
             Slain by a four-headed hydra (18 damage)
             ... on level 2 of the Swamp on Sept 2, 2017.
             The game lasted 03:27:58 (21465 turns).

husjan the Covert (Halfling Skald)                 Turns: 21465, Time: 03:27:59

Health: -2/109     AC: 16    Str: 12    XL:     17   Next: 5%
Magic:  21/30      EV: 24    Int: 23    God:    Okawaru [******]
Gold:   2010       SH:  5    Dex: 21    Spells: 1/35 levels left

rFire    . . .     SeeInvis +   a - +9 rapier {vamp, +Blink Dex+2}
rCold    + . .     Gourm    .   (shield restricted)
rNeg     + . .     Faith    .   Q - +3 ring mail {rPois}
rPois    +         Spirit   .   w - +0 helmet
rElec    .         Reflect  +   u - scarf {repulsion}
rCorr    .         Harm     .   C - +0 pair of gloves of Bedevilment {Int+7}
MR       +....                  U - +2 pair of boots of the Assassin {Detection Stab+ Stlth++}
Stlth    +++++++...             V - +5 amulet of reflection
Regen    0.3/turn               A - ring "Ukua" {rC+ rN+ Dex+3 SInv}
MPRegen  0.3/turn               y - +4 ring of evasion

@: very slightly contaminated, repel missiles
A: mutation resistance 1
a: Heroism, Finesse, Renounce Religion, Evoke Blink


You were on level 2 of the Swamp.
You worshipped Okawaru.
Okawaru was exalted by your worship.
You were not hungry.

You visited 5 branches of the dungeon, and saw 26 of its levels.
You also visited: Ossuary.

You collected 3811 gold pieces.
You spent 1801 gold pieces at shops.

Inventory:

Hand Weapons
 a - the +9 rapier of Xemnerch (weapon) {vamp, +Blink Dex+2}
   (Okawaru gifted it to you on level 6 of the Lair of Beasts)

   It inflicts no extra harm, but heals its wielder when it wounds a living foe.
   It affects your dexterity (+2).
   It lets you blink.
Armour
 u - a scarf of repulsion (worn)
 w - a +0 helmet (worn)
 C - the +0 pair of gloves of Bedevilment (worn) {Int+7}
   (You bought it in a shop on level 11 of the Dungeon)

   It affects your intelligence (+7).
 Q - a +3 ring mail of poison resistance (worn)
 U - the +2 pair of boots of the Assassin (worn) {Detection Stab+ Stlth++}
   (Okawaru gifted it to you on level 10 of the Dungeon)

   It makes you much more stealthy.
Jewellery
 o - an uncursed ring of fire
 y - a +4 ring of evasion (right hand)
 A - the ring "Ukua" (left hand) {rC+ rN+ Dex+3 SInv}
   (You took it off a vampire on level 11 of the Dungeon)

   [ring of protection from cold]

   It affects your dexterity (+3).
   It protects you from cold.
   It protects you from negative energy.
   It lets you see invisible.
 V - a +5 amulet of reflection (around neck)
Wands
 b - a wand of lightning (6/15)
 c - a wand of clouds (6/9)
 q - a wand of iceblast (7/15)
 K - a wand of iceblast (11/15)
 T - a wand of enslavement (8/24)
 Z - a wand of acid (6/15)
Scrolls
 e - 2 scrolls of blinking
 g - 6 scrolls of fog
 i - 9 scrolls of remove curse
 k - 5 scrolls of recharging
 m - 7 scrolls of teleportation
 G - a scroll of silence
 I - 2 scrolls of amnesia
 N - a scroll of fear
 X - 3 scrolls of magic mapping
Potions
 j - a potion of ambrosia
 l - 6 potions of curing
 p - 2 potions of brilliance
 r - 5 potions of haste
 s - 8 potions of magic
 t - 2 potions of cancellation
 x - 6 potions of resistance
 D - 2 potions of heal wounds
Miscellaneous
 L - a lamp of fire
Comestibles
 d - 24 bread rations
 f - 17 meat rations
 R - 41 royal jellies
 W - 4 fruits


   Skills:
 + Level 7.7 Fighting
 + Level 11.9 Short Blades
 + Level 9.9 Armour
 + Level 8.4 Dodging
 + Level 14.4 Stealth
 * Level 9.6 Spellcasting
 - Level 10.0 Hexes
 - Level 10.0 Charms
 - Level 5.0 Necromancy
 * Level 1.9 Air Magic
 - Level 5.0 Evocations


You had one spell level left.
You knew the following spells:

 Your Spells              Type           Power        Failure   Level  Hunger
a - Ensorcelled Hibernat  Hex/Ice        ####..       2%          2    None
b - Confuse               Hex            ######..     1%          3    None
c - Tukima's Dance        Hex            ######..     1%          3    None
d - Deflect Missiles      Chrm/Air       #####.....   82%         6    ######.
x - Shroud of Golubria    Chrm/Tloc      ####......   2%          2    None
z - Regeneration          Chrm/Necr      #####.....   1%          3    None
A - Apportation           Tloc           ##....       11%         1    None
B - Summon Butterflies    Summ           ##......     11%         1    None
I - Invisibility          Hex            ######..     28%         6    ######.
S - Silence               Hex/Air        #####.....   26%         5    ####...
X - Song of Slaying       Chrm           ######..     1%          2    None


Dungeon Overview and Level Annotations

Branches:
Dungeon (15/15)            Temple (1/1) D:7            Lair (6/6) D:10
  Swamp (2/4) Lair:4        Snake (0/4) Lair:2        Slime (0/5) Lair:6
    Orc (2/2) D:10            Elf (0/3) Orc:2        Vaults (0/5) D:13
 Depths (0/5) D:15

Altars:
Ashenzari
Cheibriados
Dithmenos
Elyvilon
Fedhas
Gozag
Hepliaklqana
Kikubaaqudgha
Makhleb
Nemelex Xobeh
Okawaru
Qazlal
Ru
Sif Muna
Trog
Uskayaw
Vehumet
Xom
Yredelemnul
Zin
The Shining One
Beogh

Shops:
D:8 %   D:11 [([:=   D:15 *   Orc:2 !%=[

Portals:
Trove: D:11 (give +2 ice dragon scales)

Annotations:
Lair:1 exclusion: 2 oklob plants


Innate Abilities, Weirdness & Mutations

You are small and have problems with some larger weapons.
You are somewhat resistant to further mutation.


Message History

The four-headed hydra seems to grow more fierce.
You kill the spriggan druid!
Okawaru accepts your kill.
You hear a splash. x2
The forest abruptly stops moving.
Unknown command.
Unknown command.
The four-headed hydra completely misses you.
The four-headed hydra misses you.
You block the four-headed hydra's attack.
The four-headed hydra bites you but does no damage.
You hit the four-headed hydra.
You feel better.
The four-headed hydra is moderately wounded.
You feel like a meek peon again. The four-headed hydra bites you!
* * * LOW HITPOINT WARNING * * *
The four-headed hydra bites you.
* * * LOW HITPOINT WARNING * * *
The four-headed hydra bites you!!
You die...

≈≈≈≈.≈≈≈.≈≈≈♣
≈≈≈≈≈≈≈≈≈≈≈≈♣♣♣♣
♣≈.≈....≈......♣♣
♣.≈.≈≈.♣♣♣♣..≈..♣♣
≈.≈≈§≈≈.♣ ♣♣.≈≈..♣
.≈≈≈≈≈≈≈♣ ♣≈.≈≈≈.♣
..≈≈..≈♣♣ ♣♣♣≈≈≈≈♣
..≈≈..≈♣ ♣♣..)♣♣♣♣...
.≈≈§≈≈♣♣ ♣♣ ♣..@D>≈≈≈≈.
.≈§≈≈≈.♣♣≈♣♣♣♣♣♣♣≈≈≈≈≈≈.
..≈≈≈..♣..≈.♣ ..≈≈≈≈.
.≈≈≈.....≈≈≈. ≈♣..≈≈.
.≈≈..≈≈≈≈≈≈≈. .≈....♣
.≈≈≈≈≈≈≈§≈≈.♣ .≈ .≈♣♣
.≈≈≈≈≈≈≈..≈.. .≈≈ ♣♣
.≈≈≈..≈..≈..≈ ♣.♣
≈≈≈♣≈♣.≈≈≈.≈≈


You could see a four-headed hydra (confused).

Vanquished Creatures
  Azrael (D:14)
  The ghost of gyp21 the Champion of Chaos, a journeyman DDFi of Makhleb (D:13)
  2 ogre magi
  4 fire dragons
  Erolcha (D:11)
  3 hydras
  Fannar (D:10)
  2 centaur warriors
  2 alligators
  9 two-headed ogres
  3 orc high priests (Orc:2)
  Sonja (D:13)
  2 unseen horrors
  A spriggan druid (Swamp:2)
  2 swamp dragons
  A wizard (D:12)
  A lindwurm (Lair:5)
  6 orc knights
  A harpy (shapeshifter) (D:13)
  5 manticores
  4 orc sorcerers
  12 ugly things
  A wolf spider (Lair:4)
  A moth of wrath (shapeshifter) (D:13)
  15 elephants
  3 cyclopes
  3 black mambas
  Joseph (Lair:1)
  A guardian serpent (shapeshifter) (D:13)
  17 spiny frogs
  3 kobold demonologists (D:14)
  8 komodo dragons
  4 rime drakes
  A freezing wraith (D:13)
  10 trolls
  22 polar bears
  A queen bee (Lair:3)
  4 hornets
  A tyrant leech (Lair:4)
  A raiju (Lair:6)
  2 bog bodies (Swamp:1)
  14 slime creatures
  12 dream sheep
  19 blink frogs
  2 meliai zombies
  9 hippogriffs
  3 wraiths
  A shadow (D:12)
  A ynoxinul (D:6)
  2 vampires (D:11)
  2 fire elementals (D:14)
  A hungry ghost (D:7)
  A wyvern (D:13)
  63 yaks
  8 basilisks
  Eustachio (D:6)
  11 vampire mosquitoes
  4 steam dragons (Lair:6)
  Edmund (D:4)
  A swamp worm (Swamp:2)
  8 wargs
  An acid dragon (D:11)
  11 water moccasins
  Duvessa (D:6)
  3 porcupines
  18 hell hounds
  21 orc warriors
  7 ice beasts
  3 swamp drakes (Swamp:1)
  3 phantoms
  23 black bears
  3 sky beasts
  A necrophage (D:10)
  3 boggarts (D:14)
  16 ogres
  17 wolves
  13 centaurs
  11 crocodiles
  2 elf zombies (Ossuary)
  4 big kobolds
  20 bullfrogs
  2 wyvern zombies (D:11)
  An elf skeleton (D:6)
  Dowan (D:6)
  4 scorpions
  A wyvern skeleton (D:15)
  30 killer bees
  14 wights
  6 howler monkeys
  7 crimson imps
  5 centaur zombies
  23 orc priests
  7 hounds
  18 jellies
  7 bullfrog skeletons
  32 orc wizards
  6 centaur skeletons
  2 human skeletons (D:6)
  5 iguanas
  15 worker ants
  A big kobold zombie (Ossuary)
  4 mummies (Ossuary)
  A worker ant zombie (D:11)
  26 adders
  3 gnolls (D:4)
  2 howler monkey skeletons
  8 shadow imps
  An ooze (D:4)
  An adder skeleton (D:9)
  An adder zombie (Ossuary)
  5 worms
  2 dart slugs (D:1)
  5 leopard geckos
  80 orcs
  5 giant cockroaches
  A gnoll zombie (Ossuary)
  6 goblins
  8 hobgoblins
  8 jackals
  15 kobolds
  3 quokkas
  2 ball pythons
  5 bats
  4 frilled lizards
  A goblin zombie (Ossuary)
  A hobgoblin zombie (Ossuary)
  A jackal zombie (Ossuary)
  An orc skeleton (D:6)
  3 orc zombies
  6 rats
  3 rat zombies (Ossuary)
908 creatures vanquished.

Vanquished Creatures (others)
  An ice beast (D:11)
  A centaur (D:15)
  An orc priest (Orc:2)
  11 fungi
  34 plants
48 creatures vanquished.

Grand Total: 956 creatures vanquished

Notes
Turn   | Place    | Note
-------+----------+-------------------------------------------
     0 | D:1      | husjan the Halfling Skald began the quest for the Orb.
     0 | D:1      | Reached XP level 1. HP: 14/14 MP: 3/3
   116 | D:1      | Reached XP level 2. HP: 13/19 MP: 1/4
   120 | D:1      | Learned a level 2 spell: Shroud of Golubria
   563 | D:2      | Reached XP level 3. HP: 13/24 MP: 2/5
   685 | D:2      | Reached skill level 1 in Stealth
   786 | D:2      | Found a glowing silver altar of Zin.
   817 | D:2      | Reached XP level 4. HP: 16/29 MP: 0/6
   918 | D:2      | Learned a level 3 spell: Regeneration
   944 | D:2      | Found a stormy altar of Qazlal.
   944 | D:2      | Found an opulent altar of Gozag.
  1027 | D:2      | Reached skill level 2 in Stealth
  1196 | D:3      | Found an iron altar of Okawaru.
  1205 | D:3      | Reached XP level 5. HP: 32/34 MP: 0/7
  1222 | D:3      | Became a worshipper of Warmaster Okawaru
  1920 | D:4      | Noticed Edmund
  1945 | D:4      | Killed Edmund
  1945 | D:4      | Reached skill level 3 in Stealth
  1945 | D:4      | Reached skill level 5 in Charms
  1945 | D:4      | Reached XP level 6. HP: 35/39 MP: 2/8
  2169 | D:4      | Reached skill level 5 in Short Blades
  2316 | D:4      | Reached * piety under Okawaru
  2316 | D:4      | Reached XP level 7. HP: 39/44 MP: 1/9
  2401 | D:4      | Reached skill level 4 in Stealth
  2419 | D:5      | Entered Level 5 of the Dungeon
  2538 | D:5      | Found a deep blue altar of Sif Muna.
  2668 | D:5      | Reached skill level 5 in Stealth
  2825 | D:5      | Reached ** piety under Okawaru
  2825 | D:5      | Reached XP level 8. HP: 47/49 MP: 5/10
  2856 | D:5      | Reached skill level 1 in Necromancy
  2953 | D:6      | Noticed Duvessa
  2953 | D:6      | Noticed Dowan
  2955 | D:6      | Killed Duvessa
  2965 | D:6      | Killed Dowan
  3002 | D:6      | Reached skill level 6 in Stealth
  3017 | D:6      | Found a glowing golden altar of the Shining One.
  3207 | D:6      | Found a sand-covered staircase.
  3220 | Ossuary  | Entered an ossuary
  3268 | Ossuary  | Reached XP level 9. HP: 39/54 MP: 1/11
  3303 | Ossuary  | Learned a level 2 spell: Song of Slaying
  3716 | D:6      | Reached *** piety under Okawaru
  3716 | D:6      | Reached skill level 7 in Stealth
  3756 | D:6      | Found a blossoming altar of Fedhas.
  3758 | D:6      | Found a bloodstained altar of Trog.
  3760 | D:6      | Found a basalt altar of Yredelemnul.
  3760 | D:6      | Found a sacrificial altar of Ru.
  3765 | D:6      | Found a burning altar of Makhleb.
  3805 | D:6      | Learned a level 2 spell: Ensorcelled Hibernation
  3817 | D:6      | Noticed Grinder
  3834 | D:6      | Noticed Grinder
  3834 | D:6      | Grinder changed into Grinder the ynoxinul
  4009 | D:6      | Noticed Eustachio
  4010 | D:6      | Killed Eustachio
  4264 | D:7      | Noticed a hippogriff
  4295 | D:7      | Killed a hippogriff
  4373 | D:7      | Reached skill level 8 in Stealth
  4431 | D:7      | Found a staircase to the Ecumenical Temple.
  4437 | Temple   | Entered the Ecumenical Temple
  4510 | D:7      | Reached XP level 10. HP: 60/60 MP: 12/12
  4546 | D:7      | Reached **** piety under Okawaru
  4546 | D:7      | Received a gift from Okawaru
  4709 | D:7      | Reached skill level 1 in Hexes
  4802 | D:6      | Killed Grinder the ynoxinul
  4934 | D:8      | Noticed a two-headed ogre
  5068 | D:8      | Found Leehus's Food Boutique.
  5098 | D:8      | Found a snail-covered altar of Cheibriados.
  5250 | D:8      | Found an ancient bone altar of Kikubaaqudgha.
  5395 | D:8      | Noticed a two-headed ogre
  5406 | D:8      | Killed a two-headed ogre
  5518 | D:8      | Reached skill level 9 in Stealth
  5803 | D:9      | Reached ***** piety under Okawaru
  5866 | D:9      | Found a hazy altar of Hepliaklqana.
  6151 | D:9      | Reached XP level 11. HP: 12/64 MP: 4/13
  6274 | D:9      | Reached skill level 5 in Necromancy
  6545 | D:10     | Entered Level 10 of the Dungeon
  6550 | D:10     | Learned a level 3 spell: Confuse
  6774 | D:10     | Found a stormy altar of Qazlal.
  6846 | D:10     | Found a bloodstained altar of Trog.
  7198 | D:10     | Received a gift from Okawaru
  7201 | D:10     | Got a dazzling dagger {god gift}
  7202 | D:10     | Identified the +9 dagger of the Evening {pierce, rElec Dex+5} (Okawaru gifted it to you on level 10 of the Dungeon)
  7213 | D:10     | Found a staircase to the Orcish Mines.
  7245 | D:10     | Found a staircase to the Lair.
  7333 | D:10     | Reached skill level 5 in Hexes
  7360 | D:10     | Reached skill level 1 in Evocations
  7402 | D:10     | Reached skill level 10 in Short Blades
  7561 | D:10     | Noticed a centaur warrior
  7577 | D:10     | Killed a centaur warrior
  7577 | D:10     | Reached skill level 10 in Charms
  7747 | D:11     | Found Soudyn's Armour Boutique.
  7813 | D:11     | Reached skill level 10 in Stealth
  7932 | D:11     | Found a portal to a secret trove of treasure.
  8046 | D:11     | Noticed a manticore
  8049 | D:11     | Killed a manticore
  8049 | D:11     | Received a gift from Okawaru
  8050 | D:11     | Got a transparent plate armour {god gift}
  8066 | D:11     | Identified the +4 plate armour of the Unstoppable Dances {rPois Dex+4 Stlth+} (Okawaru gifted it to you on level 11 of the Dungeon)
  8101 | D:11     | Noticed Erolcha
  8139 | D:11     | Killed Erolcha
  8139 | D:11     | Reached XP level 12. HP: 70/70 MP: 10/17
  8177 | D:11     | Noticed a two-headed ogre
  8185 | D:11     | Killed a two-headed ogre
  8229 | D:11     | Found Eddem's Antique Armour Emporium.
  8332 | D:11     | Found Fast's Jewellery Shoppe.
  8348 | D:11     | Found Bafronycs's Book Emporium.
  8355 | D:11     | Found Veurak's Antique Weapon Shop.
  8499 | Lair:1   | Entered Level 1 of the Lair of Beasts
  8499 | Lair:1   | Noticed Joseph
  8524 | Lair:1   | Killed Joseph
  8784 | Lair:1   | Noticed an eight-headed hydra
  8790 | Lair:1   | Killed an eight-headed hydra
  8790 | Lair:1   | Reached skill level 11 in Stealth
  9068 | Lair:1   | Received a gift from Okawaru
  9189 | Lair:2   | Found a staircase to the Snake Pit.
  9241 | Lair:2   | Reached skill level 5 in Evocations
  9578 | Lair:2   | Reached XP level 13. HP: 75/75 MP: 10/19
  9674 | Lair:2   | Noticed a naga warrior
 10155 | Lair:3   | Reached skill level 5 in Spellcasting
 10418 | Lair:3   | Noticed a four-headed hydra
 10454 | Lair:3   | Killed a four-headed hydra
 10805 | Lair:4   | Reached ****** piety under Okawaru
 10830 | Lair:4   | Reached skill level 12 in Stealth
 11123 | Lair:4   | Received a gift from Okawaru
 11126 | Lair:4   | Got a faintly glowing shield {god gift}
 11132 | Lair:4   | Identified the -8 shield "Jinuras" {MR+ SInv} (Okawaru gifted it to you on level 4 of the Lair of Beasts)
 11396 | Lair:4   | Reached XP level 14. HP: 85/86 MP: 15/22
 11427 | Lair:4   | Found a staircase to the Swamp.
 11722 | Lair:5   | Learned a level 1 spell: Apportation
 11729 | Lair:5   | Learned a level 6 spell: Invisibility
 11964 | Lair:5   | Reached skill level 5 in Armour
 12239 | Lair:6   | Entered Level 6 of the Lair of Beasts
 12366 | Lair:6   | Found a staircase to the Slime Pits.
 12735 | Lair:6   | Reached skill level 5 in Fighting
 13006 | Lair:6   | Received a gift from Okawaru
 13166 | Lair:6   | Reached skill level 10 in Hexes
 13183 | Lair:6   | Reached skill level 5 in Dodging
 13378 | Lair:6   | Reached skill level 13 in Stealth
 13544 | Lair:6   | Got an ichor-stained flail
 13894 | Lair:6   | Reached XP level 15. HP: 82/92 MP: 8/25
 14073 | Lair:6   | Identified Sif Muna's Incunabulum of Dusty Black Arts
 14139 | Lair:6   | Received a gift from Okawaru
 14145 | Lair:6   | Got a warped rapier {god gift}
 14156 | Lair:6   | Identified the +9 rapier of Xemnerch {vamp, +Blink Dex+2} (Okawaru gifted it to you on level 6 of the Lair of Beasts)
 14841 | Orc:1    | Entered Level 1 of the Orcish Mines
 14915 | D:10     | Received a gift from Okawaru
 14951 | D:10     | Noticed Fannar
 14990 | D:10     | Killed Fannar
 15223 | Orc:2    | Entered Level 2 of the Orcish Mines
 15223 | Orc:2    | Found a staircase to the Elven Halls.
 15826 | Orc:1    | Found a roughly hewn altar of Beogh.
 16637 | Orc:2    | Found Bathuw's Distillery.
 16637 | Orc:2    | Found Radghomu's Armour Shoppe.
 16639 | Orc:2    | Found Ohenog's Food Shop.
 16639 | Orc:2    | Found Adul Piuwn's Jewellery Shoppe.
 16670 | Orc:2    | Learned a level 1 spell: Summon Butterflies
 16678 | Orc:2    | Learned a level 3 spell: Tukima's Dance
 16689 | Orc:2    | Bought a potion of haste for 160 gold pieces
 16689 | Orc:2    | Bought 2 potions of haste for 320 gold pieces
 16689 | Orc:2    | Bought a potion of curing for 48 gold pieces
 16689 | Orc:2    | Bought a potion of haste for 160 gold pieces
 16689 | Orc:2    | Bought 2 potions of magic for 256 gold pieces
 16689 | Orc:2    | Bought a potion of magic for 128 gold pieces
 16847 | D:11     | Bought an uncursed ring of see invisible for 195 gold pieces
 16911 | D:11     | Got a faintly glowing iron ring
 16930 | D:11     | Identified the ring "Ukua" {rC+ rN+ Dex+3 SInv} (You took it off a vampire on level 11 of the Dungeon)
 16967 | D:11     | Bought a scarf of repulsion for 168 gold pieces
 16967 | D:11     | Bought the +0 pair of gloves of Bedevilment {Int+7} for 366 gold pieces
 17171 | D:11     | Received a gift from Okawaru
 17395 | D:11     | Reached XP level 16. HP: 101/101 MP: 15/28
 17583 | D:12     | Learned a level 5 spell: Silence
 18033 | D:12     | Reached skill level 14 in Stealth
 18361 | D:13     | Received a gift from Okawaru
 18362 | D:13     | Got a steaming rapier {god gift}
 18364 | D:13     | Identified the +7 rapier "Edaij" {venom, rPois rF+ rC+ Str+2} (Okawaru gifted it to you on level 13 of the Dungeon)
 18556 | D:13     | Noticed gyp21's ghost (journeyman DDFi)
 18571 | D:13     | Killed gyp21's ghost
 18632 | D:13     | Found a gate to the Vaults.
 18717 | D:13     | Noticed Sonja
 18733 | D:13     | Killed Sonja
 19457 | D:14     | Received a gift from Okawaru
 19615 | D:14     | Noticed Azrael
 19644 | D:14     | Killed Azrael
 19644 | D:14     | Received a gift from Okawaru
 19900 | D:15     | Entered Level 15 of the Dungeon
 20151 | D:15     | Found a burning altar of Makhleb.
 20265 | D:15     | Found Gozag's Platinum Reserve.
 20282 | D:15     | Found an opulent altar of Gozag.
 20587 | D:15     | Found a staircase to the Depths.
 20610 | D:15     | Received a gift from Okawaru
 20657 | D:15     | Learned a level 6 spell: Deflect Missiles
 20964 | Swamp:1  | Entered Level 1 of the Swamp
 21322 | Swamp:1  | Reached skill level 1 in Air Magic
 21403 | Swamp:2  | Reached XP level 17. HP: 109/109 MP: 26/30
 21465 | Swamp:2  | Slain by a four-headed hydra

Skill      XL: |  1  2  3  4  5  6  7  8  9 10 11 12 13 14 15 16 |
---------------+-------------------------------------------------+-----
Short Blades   | 3 4 5 7 8 9 10 11 | 11.9
Charms         | 4 5 6 7 8 9 10 | 10.0
Stealth        | 1 2 3 5 6 8 9 10 11 12 13 14 | 14.4
Necromancy     | 2 4 5 |  5.0
Hexes          | 3 6 8 9 10 | 10.0
Spellcasting   | 3 4 5 7 8 9 |  9.6
Evocations     | 3 5 |  5.0
Fighting       | 2 4 5 6 7 |  7.7
Armour         | 4 6 8 9 |  9.9
Dodging        | 3 5 6 8 |  8.4
Air Magic      | 1 |  1.9

Action                   |  1- 3 |  4- 6 |  7- 9 | 10-12 | 13-15 | 16-18 || total
-------------------------+-------+-------+-------+-------+-------+-------++-------
Melee: Short sword       |    52 |       |       |       |       |       ||    52
       Dagger            |    28 |   134 |   265 |   490 |   722 |       ||  1639
       Rapier            |       |       |    17 |    98 |   831 |   558 ||  1504
       Punch             |       |       |       |     1 |     1 |     2 ||     4
Throw: Tomahawk          |       |       |     5 |     5 |    10 |       ||    20
 Cast: Infusion          |    19 |    18 |    20 |    24 |       |       ||    81
       Shroud of Golubri |     3 |     5 |    10 |    30 |    10 |       ||    58
       Regeneration      |       |     3 |     8 |    18 |    43 |       ||    72
       Confuse           |       |       |       |    16 |   157 |    75 ||   248
       Ensorcelled Hiber |       |       |       |    23 |   167 |    54 ||   244
       Apportation       |       |       |       |       |       |     6 ||     6
       Invisibility      |       |       |       |       |       |     5 ||     5
Invok: Heroism           |       |       |     6 |    10 |    12 |     1 ||    29
Evoke: Wand              |       |       |     4 |    11 |     4 |       ||    19
       Lamp of fire      |       |       |       |       |     3 |       ||     3
  Use: Scroll            |       |     5 |    11 |    13 |    11 |     9 ||    49
       Potion            |       |       |     2 |     5 |    11 |     1 ||    19
 Stab: Sleeping          |     2 |     5 |    21 |    42 |   115 |    70 ||   255
       Confused          |       |       |       |     9 |    58 |    54 ||   121
       Invisible         |       |       |       |    12 |     4 |     9 ||    25
       Distracted        |       |       |       |       |     4 |     3 ||     7
  Eat: Chunk             |       |     7 |     7 |    24 |    39 |    13 ||    90
       Fruit             |       |       |     1 |     1 |       |       ||     2
       Royal jelly       |       |       |     1 |       |       |       ||     1
       Bread ration      |       |       |       |       |     1 |     2 ||     3
Armor: Leather armour    |    18 |    20 |    41 |    64 |       |       ||   143
       Skin              |       |       |    24 |     7 |    62 |       ||    93
       Troll leather arm |       |       |       |    32 |       |       ||    32
       Ring mail         |       |       |       |    16 |   335 |    77 ||   428
Dodge: Dodged            |    70 |    69 |    96 |   238 |   923 |   370 ||  1766
       Deflected         |       |       |       |       |     1 |     3 ||     4
Block: Other             |       |       |       |       |   256 |    79 ||   335
       Reflection        |       |       |       |       |     5 |     4 ||     9
